 Dungeon Crawl Stone Soup version 0.21.1-1-g345015fe64 (webtiles) character file.

377 LevaFresel the Shooter (level 7, -2/46 HPs)
             Began as a Halfling Hunter on June 3, 2018.
             Slain by an iguana (11 damage)
             ... on level 5 of the Dungeon.
             The game lasted 00:32:36 (6455 turns).

LevaFresel the Shooter (Halfling Hunter)            Turns: 6455, Time: 00:32:37

Health: -2/46      AC:  7    Str: 15    XL:     7   Next: 4%
Magic:  7/7        EV: 15    Int:  9    God:
Gold:   160        SH:  0    Dex: 15    Spells: 6/6 levels left

rFire    . . .     SeeInvis .   b - +0 short sword
rCold    . . .     Gourm    .   (shield restricted)
rNeg     + . .     Faith    .   f - +2 ring mail {rN+}
rPois    .         Spirit   .   (no helmet)
rElec    .         Reflect  .   (no cloak)
rCorr    .         Harm     .   (no gloves)
MR       .....                  (no boots)
Stlth    +.........             (no amulet)
HPRegen  0.15/turn              (no ring)
MPRegen  0.10/turn              (no ring)

@: no status effects
A: small, mutation resistance 1
a: no special abilities


You were on level 5 of the Dungeon.
You were not hungry.

You visited 1 branch of the dungeon, and saw 5 of its levels.

You collected 160 gold pieces.

Inventory:

Hand Weapons
 a - a +1 shortbow
 b - a +0 short sword (weapon)
 m - a +0 hand axe of venom
Missiles
 c - 5 arrows
 n - a stone (quivered)
Armour
 f - a +2 ring mail of positive energy (worn)
Wands
 q - a wand of iceblast (12)
 v - a wand of flame (23)
Scrolls
 g - 2 scrolls of random uselessness {unknown}
 i - 2 scrolls of identify
 j - a scroll of amnesia {unknown}
 k - 2 scrolls of enchant armour {unknown}
 l - 2 scrolls of blinking {unknown}
 o - a scroll of immolation {unknown}
 r - 5 scrolls of teleportation {unknown}
 t - a scroll of fear {unknown}
Potions
 e - 2 potions of mutation {unknown}
 h - 2 potions of heal wounds {unknown}
 p - a potion of brilliance {unknown}
 s - a potion of resistance {unknown}
 u - a potion of cancellation {unknown}
Comestibles
 d - 5 rations


   Skills:
 + Level 3.2 Fighting
 - Level 1.6 Short Blades
 * Level 6.4 Bows
 + Level 1.7 Armour
 + Level 3.9 Dodging
 - Level 1.4 Stealth


You had 6 spell levels left.
You didn't know any spells.

Dungeon Overview and Level Annotations

Branches:
Dungeon (5/15)
 Temple: D:4-7

Altars:
Elyvilon
Makhleb
Nemelex Xobeh
Qazlal
Uskayaw
Vehumet


Innate Abilities, Weirdness & Mutations

You are small and have problems with some larger weapons.
You are somewhat resistant to further mutation.


Message History

The iguana closely misses you.
You hit the iguana.
The iguana is severely wounded.
The iguana barely misses you.
You closely miss the iguana.
The iguana is severely wounded.
The iguana bites you!
* * * LOW HITPOINT WARNING * * *
Aiming: Throw Flame
Press: ? - help, Shift-Dir - straight line, f - iguana
Aim: an iguana (severely wounded)
The puff of flame hits the iguana.
The iguana is severely wounded.
The iguana bites you.
* * * LOW HITPOINT WARNING * * *
Unknown command.
You barely miss the iguana.
The iguana is severely wounded.
The iguana bites you!
You die...

....#######
##....# ....#
#.....+ ....#
#.....# ....#
#.....# ....#
. #.....#
....# #..
##....# #####
#...###....##
......^.....#
.......@....#
.......l....#
............#
............#
............#
............#
#############


You could see an iguana.

Vanquished Creatures
  A howler monkey (D:4)
  An orc priest (D:4)
  A hound (D:3)
  A bullfrog skeleton (D:4)
  2 orc wizards (D:3)
  Robin (D:2)
  5 adders
  2 worms (D:2)
  A dart slug (D:2)
  5 leopard geckos
  14 orcs
  7 giant cockroaches
  14 goblins
  8 hobgoblins
  21 jackals
  8 kobolds
  4 bats
  7 frilled lizards
  5 rats
108 creatures vanquished.

Notes
Turn   | Place    | Note
-------+----------+-------------------------------------------
     0 | D:1      | LevaFresel the Halfling Hunter began the quest for the Orb.
     0 | D:1      | Reached XP level 1. HP: 14/14 MP: 1/1
    93 | D:1      | Reached XP level 2. HP: 15/19 MP: 2/2
   530 | D:1      | Reached XP level 3. HP: 24/24 MP: 3/3
   936 | D:2      | Reached skill level 5 in Bows
  1140 | D:2      | Reached XP level 4. HP: 19/29 MP: 4/4
  1531 | D:2      | Noticed Robin
  1546 | D:2      | Killed Robin
  1747 | D:2      | Found a sparkling altar of Nemelex Xobeh.
  1985 | D:2      | Reached XP level 5. HP: 17/35 MP: 5/5
  2877 | D:3      | Noticed a dagger
  2878 | D:3      | Noticed a hand axe
  2879 | D:3      | Found a hide-covered altar of Uskayaw.
  3426 | D:3      | Found a burning altar of Makhleb.
  4185 | D:3      | Reached XP level 6. HP: 37/41 MP: 6/6
  4303 | D:3      | Reached skill level 6 in Bows
  4303 | D:3      | Reached skill level 1 in Armour
  4314 | D:3      | Reached skill level 1 in Short Blades
  5215 | D:4      | Reached XP level 7. HP: 33/46 MP: 7/7
  5622 | D:5      | Entered Level 5 of the Dungeon
  5858 | D:5      | Found a radiant altar of Vehumet.
  5861 | D:5      | Found a stormy altar of Qazlal.
  6256 | D:5      | Found a white marble altar of Elyvilon.
  6455 | D:5      | Slain by an iguana

Skill      XL: |  1  2  3  4  5  6 |
---------------+-------------------+-----
Fighting       | 2 3 |  3.2
Bows           | 5 6 |  6.4
Dodging        | 3 |  3.9
Armour         | 1 |  1.7
Short Blades   | 1 |  1.6
Stealth        | |  1.4

Action                   |  1- 3 |  4- 6 |  7- 9 || total
-------------------------+-------+-------+-------++-------
Melee: Short sword       |    20 |   176 |   104 ||   300
 Fire: Shortbow          |    71 |   153 |     7 ||   231
Throw: Stone             |       |     7 |    13 ||    20
Evoke: Wand              |       |       |     1 ||     1
  Use: Scroll            |       |     2 |       ||     2
 Stab: Sleeping          |     1 |       |       ||     1
  Eat: Ration            |       |     4 |     1 ||     5
Armor: Leather armour    |    11 |    37 |       ||    48
       Ring mail         |       |    31 |    19 ||    50
Dodge: Dodged            |    29 |   302 |    64 ||   395
